 Dungeon Crawl Stone Soup version 0.26-a0-649-gf8c6c3aab7 (webtiles) character file.

Game seed: 1645350331772988004

158 grandjackal the Grave Robber (level 5, 0/39 HPs)
             Began as a Demonspawn Necromancer on Sept 28, 2020.
             Slain by a worm (10 damage)
             ... on level 3 of the Dungeon.
             The game lasted 00:05:37 (4558 turns).

grandjackal the Grave Robber (DsNe)                 Turns: 4558, Time: 00:05:37

Health: 0/39       AC:  2    Str: 10    XL:     5   Next: 16%
Magic:  0/9        EV: 12    Int: 16    God:
Gold:   178        SH:  0    Dex: 13    Spells: 2/10 levels left

rFire    + . .     SeeInvis .   c - +0 dagger
rCold    . . .     Faith    .   (no shield)
rNeg     . . .     Spirit   +   a - +0 robe
rPois    +         Reflect  .   (no helmet)
rElec    .         Harm     .   (no cloak)
rCorr    .         Rampage  .   (no gloves)
MR       .....                  (no boots)
Stlth    ++........             (no amulet)
HPRegen  0.13/turn              h - ring of poison resistance
MPRegen  0.11/turn              (no ring)

@: no status effects
A: hooves 1, fire resistance 1, magic shield
a: no special abilities


You were on level 3 of the Dungeon.
You visited 1 branch of the dungeon, and saw 3 of its levels.

You collected 178 gold pieces.

Inventory:

Hand Weapons
 c - a +0 dagger (weapon)
Armour
 a - a +0 robe (worn)
Jewellery
 h - a ring of poison resistance (left hand)
Scrolls
 b - a scroll of fog {unknown}
 d - 3 scrolls of enchant armour {unknown}
 e - a scroll of blinking {unknown}
 f - 2 scrolls of teleportation {unknown}
 j - a scroll of fear {unknown}
 k - a scroll of remove curse {unknown}
 l - 2 scrolls of identify {unknown}
 m - a scroll of enchant weapon {unknown}
Potions
 g - a potion of curing


   Skills:
 + Level 2.6 Fighting
 - Level 1.7 Dodging
 - Level 1.7 Stealth
 + Level 3.2 Spellcasting
 + Level 5.4 Necromancy


You had 2 spell levels left.
You knew the following spells:

 Your Spells              Type           Power        Failure   Level
a - Pain                  Necr           ###.         1%          1
b - Vampiric Draining     Necr           ###.......   6%          3
c - Animate Dead          Necr           ###.......   19%         4

Your spell library contained the following spells:

 Spells                   Type           Power        Failure   Level
 Animate Skeleton         Necr           ###...       1%          1
 Agony                    Necr           ###.....     47%         5


Dungeon Overview and Level Annotations

Branches:
Dungeon (3/15)

Altars:
Fedhas
Gozag
Trog

Annotations:
D:2 Grinder


Innate Abilities, Weirdness & Mutations

You have large cloven feet.
Your flesh is heat resistant. (rF+)
When hurt, damage is shared between your health and your magic reserves.


Message History

You hit the worm. You kick the worm.
The worm is almost dead.
Casting: Vampiric Draining (dangerous; 6% risk of failure)
Confirm with . or Enter, or press ? or * to list all spells.
Aiming: Pain (safe; 1% risk of failure)
Press: ? - help, Shift-Dir - straight line, f/p - worm
Aim: a worm (almost dead, chance to defeat MR: 85%)
The worm barely resists.
The worm bites you.
Unknown command.
You barely miss the worm. You kick the worm, but do no damage.
The worm is almost dead.
The worm bites you!
* * * LOW HITPOINT WARNING * * *
Your magical contamination has completely faded away.
You hit the worm but do no damage.
The worm is almost dead.
You hit the worm.
The worm is almost dead.
The worm bites you!
You die...

##.o#
##...........######.....#
##...##.........#.#.##
#######
#........[.####.#...#
............###?#.#..#
..............#...##.##
.g...(..... #.....$#...
...........##.......##..
......#...##....w....##.#
......##.. #....@....# .#
........ #.#.........# #
.###.... ............#
........).(..#
.#.#.......)<#
#.#.............
#................
............#....
##..........#....


You could see a worm.

Vanquished Creatures
  An orc wizard (D:3)
  6 adders
  A worm (D:2)
  2 leopard geckos (D:1)
  3 orcs
  A giant cockroach (D:2)
  10 goblins
  6 hobgoblins
  8 jackals
  3 quokkas
  A ball python (D:1)
  8 bats
  3 frilled lizards
  8 kobolds
  5 rats
66 creatures vanquished.

Notes
Turn   | Place    | Note
-------+----------+-------------------------------------------
     0 | D:1      | grandjackal the Demonspawn Necromancer began the quest for
                  | the Orb.
     0 | D:1      | Reached XP level 1. HP: 13/13 MP: 3/3
   348 | D:1      | Gained mutation: You have large cloven feet. [demonic
                  | ancestry]
   348 | D:1      | Reached XP level 2. HP: 18/20 MP: 0/5
   557 | D:1      | Reached skill level 1 in Fighting
  1163 | D:1      | Gained mutation: When hurt, damage is shared between your
                  | health and your magic reserves. [demonic ancestry]
  1163 | D:1      | Reached XP level 3. HP: 17/26 MP: 6/6
  1609 | D:1      | Learned a level 3 spell: Vampiric Draining
  1612 | D:1      | Found a blossoming altar of Fedhas.
  2279 | D:2      | HP: 1/26 [adder (3)]
  2281 | D:2      | Reached skill level 5 in Necromancy
  2694 | D:2      | Gained mutation: Your flesh is heat resistant. (rF+)
                  | [demonic ancestry]
  2694 | D:2      | Reached XP level 4. HP: 8/33 MP: 0/8
  2917 | D:2      | Found an opulent altar of Gozag.
  2919 | D:2      | Found a bloodstained altar of Trog.
  3746 | D:2      | Learned a level 4 spell: Animate Dead
  3771 | D:3      | Noticed Grinder
  4421 | D:3      | Reached XP level 5. HP: 29/39 MP: 3/9
  4558 | D:3      | Slain by a worm

Illustrated notes

Levels and vault maps discovered:
D:1:      dpeg_arrival_rooms_a, layout_basic, kennysheep_flooded_box,
          serial_bayou_pond_d, serial_park_tiny_1, st_stairs_9
D:2:      layout_basic, minitemple
D:3:      layout_rooms, uniq_grinder

Skill      XL: |  1  2  3  4 |
---------------+-------------+-----
Fighting       | 1 2 |  2.6
Necromancy     | 5 |  5.4
Spellcasting   | 3 |  3.2
Dodging        | |  1.7
Stealth        | |  1.7

Action                   |  1- 3 |  4- 6 || total
-------------------------+-------+-------++-------
Melee: Unarmed           |     3 |       ||     3
       Dagger            |   172 |   114 ||   286
       Kick              |    29 |    28 ||    57
 Cast: Pain              |    21 |    16 ||    37
       Vampiric Draining |     3 |     8 ||    11
  Use: Potion            |       |     2 ||     2
 Stab: Sleeping          |     2 |       ||     2
Armor: Robe              |    36 |    19 ||    55
Dodge: Dodged            |   155 |    80 ||   235

Table legend: (Time is in decaauts)
 A = Elapsed time spent in this place.
 B = Non-inter-level travel time spent in this place.
 C = Inter-level travel time spent in this place.
 D = Time resting spent in this place.
 E = Time spent auto-exploring this place.
 F = Levels seen in this place.
 G = Mean time per level.
                   A        B        C        D        E       F      G
               +--------+--------+--------+--------+--------+-----+--------+
         Total |   4562 |   4530 |     32 |   2250 |   1544 |   3 | 1520.7 |
       Dungeon |   4562 |   4530 |     32 |   2250 |   1544 |   3 | 1520.7 |
               +--------+--------+--------+--------+--------+-----+--------+

Top non-repeatable levels by time:
     D:2: 2241 daAuts
     D:1: 1939 daAuts
     D:3: 381 daAuts
